 Dungeon Crawl Stone Soup version 0.18-a0-1293-g5a2c81a (webtiles) character file.

130548 Grap the Peltast (level 16, -6/134 HPs)
             Began as a Minotaur Fighter on Feb 10, 2016.
             Was the Champion of Okawaru.
             Killed from afar by a starcursed mass (8 damage)
             ... with an accursed screaming
             ... on level 3 of the Abyss.
             The game lasted 01:21:02 (23993 turns).

Grap the Peltast (Minotaur Fighter)                Turns: 23993, Time: 01:21:02

Health: -6/134     AC: 38    Str: 34    XL:     16   Next: 53%
Magic:  32/32      EV:  7    Int: 10    God:    Okawaru [******]
Gold:   2545       SH: 24    Dex: 22    Spells: 2 memorised, 18 levels left

rFire  . . .     SeeInvis +     U - +1 demon trident (vamp)
rCold  + + .     Gourm    .     G - +4 crystal plate armour of the Eternal Void {rPois Str+7}
rNeg   . . .     Faith    .     y - +2 shield {reflect}
rPois  +         Spirit   .     Q - +1 hat {SInv}
rElec  .         Dismiss  .     a - +0 cloak {MR+}
rCorr  .         Reflect  +     I - +2 pair of gloves of Inevitability {Int+3 Dex+4}
SustAt .         Harm     .     L - +1 pair of boots {Stlth+}
MR     ++...     Rnd*Rage +     Z - +4 amulet of reflection
Stlth  .......... NoTele   +    w - +4 ring of strength
                                E - ring "Kiteph" {Wiz -Tele rC+ MP+9 Str+3}

@: very slightly contaminated, non-regenerating, diseased, invisible, very
resistant to hostile enchantments, extremely unstealthy
A: retaliatory headbutt, horns 2, large bone plates 1, berserk 2, clever 1, cold
resistance 1, frail 1, regeneration 1, shaggy fur 1, MP-powered wands
a: Heroism, Finesse, Renounce Religion


You were on level 3 of the Abyss.
You worshipped Okawaru.
Okawaru was exalted by your worship.
You were not hungry.

You visited 5 branches of the dungeon, and saw 27 of its levels.
You visited the Abyss 1 time.
You also visited: Bailey.

You collected 2612 gold pieces.
You spent 67 gold pieces at shops.

Inventory:

Hand Weapons
 n - a +4 glaive of venom
 T - a cursed -3 hunting sling of velocity
 U - a +1 vampiric demon trident (weapon)
Missiles
 b - 15 tomahawks of returning
 j - 641 stones
 p - 4 throwing nets
 x - 5 poisoned tomahawks
 A - 4 javelins
 K - 52 tomahawks (quivered)
Armour
 a - a +0 cloak of magic resistance (worn)
 y - a +2 shield of reflection (worn)
 G - the +4 crystal plate armour of the Eternal Void (worn) {rPois Str+7}
   (Okawaru gifted it to you on level 7 of the Lair of Beasts)

   It affects your strength (+7).
   It protects you from poison.
 I - the +2 pair of gloves of Inevitability (worn) {Int+3 Dex+4}
   (You found it on level 8 of the Lair of Beasts)

   It affects your intelligence (+3).
   It affects your dexterity (+4).
 L - a +1 pair of boots of stealth (worn)
 Q - a +1 hat of see invisible (worn)
Jewellery
 w - a +4 ring of strength (right hand)
 E - the ring "Kiteph" (left hand) {Wiz -Tele rC+ MP+9 Str+3}
   (You found it on level 12 of the Dungeon)

   [ring of wizardry]

   It improves your spell success rate.
   It affects your strength (+3).
   It protects you from cold.
   It affects your magic capacity (+9).
   It prevents most forms of teleportation.
 Z - a +4 amulet of reflection (around neck)
Wands
 e - a wand of iceblast (6/15)
 h - a wand of flame (18/48)
 D - a wand of lightning (7/15)
 W - a wand of teleportation (7/9)
Scrolls
 d - 2 scrolls of recharging
 l - 4 scrolls of fog
 q - 2 scrolls of enchant armour
 r - 11 scrolls of teleportation
 u - 11 scrolls of remove curse
 v - 2 scrolls of fear
 S - 4 scrolls of blinking
 Y - 2 scrolls of magic mapping
Potions
 c - a potion of flight
 g - 2 potions of might
 i - 3 potions of haste
 k - 12 potions of curing
 t - 5 potions of lignification
 z - 2 potions of agility
 M - 3 potions of resistance
 O - a potion of cancellation
 P - 3 potions of invisibility
 R - 2 potions of heal wounds
Miscellaneous
 m - a plain deck of war {Fortitude}
 C - a plain deck of summoning
 F - a phantom mirror
 N - a fan of gales
Comestibles
 f - 14 bread rations
 o - a meat ration
 V - 17 fruits


   Skills:
 - Level 15.0 Fighting
   Level 5.1 Maces & Flails
 - Level 12.0 Polearms
 + Level 13.6 Armour
 - Level 15.0 Shields
 - Level 5.4 Spellcasting
 - Level 8.0 Charms
 - Level 8.0 Air Magic
 - Level 9.4 Invocations


You had 18 spell levels left.
You knew the following spells:

 Your Spells              Type           Power        Failure   Level  Hunger
a - Deflect Missiles      Chrm/Air       ###.......   100%        6    #######
b - Apportation           Tloc           #.........   95%         1    None


Dungeon Overview and Level Annotations

Branches:
Dungeon (15/15)            Temple (0/1) D:6            Lair (8/8) D:11
 Shoals (0/4) Lair:3       Spider (0/4) Lair:6        Slime (0/6) Lair:6
    Orc (2/2) D:12            Elf (1/3) Orc:2        Vaults (0/5) D:13
 Depths (1/5) D:15

Altars:
Ashenzari
Elyvilon
Gozag
Makhleb
Okawaru
Pakellas
Trog
Vehumet
Zin
The Shining One
Beogh
Jiyva

Shops:
D:14 %   Orc:2 [}?%

Portals:
Pandemonium: Orc:2

Annotations:
Lair:6 1 runed door


Innate Abilities, Weirdness & Mutations

You reflexively headbutt those who attack you in melee.
You have a pair of horns on your head.
You are partially covered in large bone plates (AC +2, SH +2).
You often lose your temper in combat.
Your mind is acute. (Int +2)
Your flesh is cold resistant.
You are frail (-10% HP).
Your natural rate of healing is unusually fast.
You are covered in fur (AC +1).
You expend magic power (3 MP) to strengthen your wands.


Message History

You feel less confused.
The starcursed mass engulfs you but does no damage.
The ancient zyme hits you.
* * * LOW HITPOINT WARNING * * *
The ancient zyme hits you but does no damage.
Drink which item? (? for menu, Esc to quit)
You fade into invisibility!
You block the starcursed mass's attack.
The large abomination hits you but does no damage.
The ancient zyme hits you.
* * * LOW HITPOINT WARNING * * *
The ancient zyme barely misses you.
You are very lightly contaminated with residual magic.
You block the large abomination's attack.
A deafening chorus of shrieks assaults your mind!
* * * LOW HITPOINT WARNING * * *
The golden eye turns its gaze towards you.
You block the starcursed mass's attack.
A cacophony of accursed wailing tears at your sanity!
You die...

### ##### ..
...###...###.#
..$...........
...$.........#
....#......#.#
.#............##
...#.....GX....#
..#..#X##xX@...#
.....XXXX#X#...#
......XXX.X...## #
.......X#.#.....
.........X.#..... #
............###.#.#
. .........#..#
##### #
####...#....####..##
.# #....# ....#...
'.##


You could see 8 starcursed masses, an ancient zyme, 2 thrashing horrors, 2 large
abominations and a golden eye.

Vanquished Creatures
  Gastronok (D:8)
  Kirke (D:15)
  Maud (Lair:5)
  An orc warlord (Bailey)
  2 very ugly things (Abyss:3)
  6 dire elephants (Lair:8)
  4 vault guards (D:13)
  9 hydras
  A catoblepas (Lair:5)
  An anaconda (Lair:8)
  Erolcha (D:12)
  A centaur warrior (D:15)
  A deep troll earth mage (D:12)
  23 death yaks
  5 orc high priests (Orc:2)
  A soul eater (Orc:2)
  Sonja (D:12)
  4 skeletal warriors (D:13)
  A wizard (D:15)
  3 gelid demonspawn (Orc:2)
  An unseen horror (D:11)
  The ghost of Grap the Basher, a novice MiFi of Trog (D:5)
  8 hill giants
  9 orc knights
  7 orc sorcerers
  A necromancer (D:15)
  11 ugly things
  A manticore (D:12)
  12 deep elf magi
  2 cyclopes (D:15)
  2 wolf spiders
  4 black mambas
  Maurice (D:13)
  18 elephants
  14 spiny frogs
  A torpor snail (Lair:3)
  A naga mage (D:15)
  A smoke demon (Abyss:3)
  A gargoyle (D:15)
  2 freezing wraiths
  An ancient zyme (Abyss:3)
  3 fire drakes
  10 komodo dragons
  A hellwing (Abyss:3)
  2 red devils (Orc:2)
  3 polar bears
  A jumping spider (shapeshifter) (D:13)
  Prince Ribbit (D:9)
  2 trolls
  2 hornet zombies (D:15)
  A two-headed ogre (D:10)
  19 blink frogs
  A snapping turtle (Lair:3)
  2 raiju (Abyss:3)
  7 slime creatures
  A boulder beetle (Lair:8)
  A shadow (D:12)
  4 starcursed masses (Abyss:3)
  49 yaks
  A water elemental (D:15)
  2 wraiths
  A ynoxinul (Orc:2)
  3 hogs (D:15)
  3 vampire mosquitoes (D:12)
  3 hungry ghosts
  A basilisk (D:15)
  2 mottled dragons
  11 hippogriffs
  Grum (D:8)
  Menkaure (D:6)
  3 wargs
  A large abomination (Abyss:3)
  10 wolves
  Duvessa (D:4)
  A hornet simulacrum (D:15)
  19 water moccasins
  16 porcupines
  35 orc warriors
  3 necrophages
  6 ice beasts
  2 black bears
  2 phantoms
  9 ogres
  2 eyes of draining
  A small abomination (Abyss:3)
  3 centaurs
  12 crocodiles
  2 big kobolds (D:11)
  20 giant frogs
  Dowan (D:4)
  A water moccasin zombie (D:5)
  A wyvern zombie (D:13)
  A wyvern skeleton (D:13)
  3 scorpions
  15 killer bees
  4 electric eels
  4 crimson imps
  3 giant frog zombies
  8 centaur zombies
  A quasit (D:11)
  An iron imp (Abyss:3)
  4 jellies
  4 giant frog skeletons
  22 orc priests
  6 hounds
  Jessica (D:2)
  7 centaur skeletons
  19 orc wizards
  10 iguanas
  12 worker ants
  18 sheep
  A hound skeleton (D:4)
  4 worker ant zombies
  Robin (D:2)
  22 gnolls
  13 adders
  33 river rats
  3 shadow imps
  A white imp (Abyss:3)
  An ooze (D:3)
  2 worms (D:4)
  2 adder skeletons
  5 giant geckos
  90 orcs
  8 bats
  2 giant cockroaches
  43 goblins
  24 hobgoblins
  21 jackals
  6 quokkas
  A ball python (D:1)
  A giant gecko zombie (D:6)
  A giant newt (D:3)
  A jackal skeleton (D:3)
  22 kobolds
  A quokka skeleton (D:6)
  A quokka zombie (D:5)
  7 rats
  5 plants
922 creatures vanquished.

Vanquished Creatures (others)
  Nessos (D:12)
  A centaur warrior (D:14)
  A cyclops (D:13)
  A yak (D:9)
  2 orc warriors (Orc:2)
  6 centaurs (D:11)
  8 fungi
  22 plants
42 creatures vanquished.

Grand Total: 964 creatures vanquished

Notes
Turn   | Place    | Note
--------------------------------------------------------------
     0 | D:1      | Grap the Minotaur Fighter began the quest for the Orb.
     0 | D:1      | Reached XP level 1. HP: 19/19 MP: 0/0
    53 | D:1      | Reached skill level 4 in Fighting
    79 | D:1      | Reached XP level 2. HP: 17/27 MP: 1/1
   316 | D:1      | Reached skill level 5 in Fighting
   387 | D:1      | Reached XP level 3. HP: 33/36 MP: 2/2
   745 | D:2      | Reached XP level 4. HP: 28/44 MP: 3/3
   754 | D:2      | Reached skill level 6 in Fighting
   936 | D:2      | Found a glowing golden altar of the Shining One.
   936 | D:2      | Noticed Robin
   944 | D:2      | Killed Robin
  1020 | D:2      | Found an iron altar of Okawaru.
  1038 | D:2      | Became a worshipper of Warmaster Okawaru
  1218 | D:2      | Noticed Jessica
  1225 | D:2      | Killed Jessica
  1225 | D:2      | Reached skill level 7 in Fighting
  1225 | D:2      | Reached XP level 5. HP: 49/52 MP: 4/4
  2148 | D:4      | Noticed a moth of wrath
  2151 | D:4      | Found a bloodstained altar of Trog.
  2187 | D:4      | Got an ichor-stained spear
  2188 | D:4      | Identified the +5 spear of Focus {pierce, Fragile +Fly rC+ rN+} (You found it on level 4 of the Dungeon)
  2262 | D:4      | Noticed an ogre
  2267 | D:4      | Killed an ogre
  2267 | D:4      | Reached XP level 6. HP: 60/60 MP: 5/5
  2342 | D:4      | Noticed Dowan
  2343 | D:4      | Noticed Duvessa
  2350 | D:4      | Gained mutation: You occasionally shout uncontrollably at your foes. [potion of mutation]
  2350 | D:4      | Gained mutation: Your mind is acute. (Int +2) [potion of mutation]
  2350 | D:4      | Gained mutation: You expend magic power (3 MP) to strengthen your wands. [potion of mutation]
  2357 | D:4      | Killed Duvessa
  2357 | D:4      | Reached skill level 5 in Maces & Flails
  2361 | D:4      | Killed Dowan
  2361 | D:4      | Reached * piety under Okawaru
  2625 | D:4      | Found a shattered altar of Ashenzari.
  2967 | D:5      | Entered Level 5 of the Dungeon
  3030 | D:5      | Reached XP level 7. HP: 66/66 MP: 6/6
  3129 | D:5      | Noticed Grap's ghost (novice MiFi)
  3135 | D:5      | Killed Grap's ghost
  3135 | D:5      | Reached ** piety under Okawaru
  3135 | D:5      | Reached skill level 8 in Polearms
  3135 | D:5      | Reached XP level 8. HP: 56/73 MP: 7/7
  3501 | D:5      | Reached skill level 9 in Polearms
  3722 | D:6      | Learned a level 6 spell: Deflect Missiles
  3733 | D:6      | Found an oddly glowing altar of Pakellas.
  3753 | D:6      | Reached *** piety under Okawaru
  4124 | D:6      | Reached skill level 10 in Polearms
  4195 | D:6      | Noticed Menkaure
  4203 | D:6      | Killed Menkaure
  4226 | D:6      | Found a radiant altar of Vehumet.
  4227 | D:6      | Found a burning altar of Makhleb.
  4272 | D:6      | Found a white marble altar of Elyvilon.
  4502 | D:6      | Found a staircase to the Ecumenical Temple.
  4507 | D:6      | Reached skill level 11 in Polearms
  4672 | D:6      | Reached XP level 9. HP: 63/79 MP: 8/8
  4826 | D:7      | Found a white marble altar of Elyvilon.
  5109 | D:7      | Reached skill level 12 in Polearms
  5218 | D:7      | Found an opulent altar of Gozag.
  5221 | D:7      | Found a glowing silver altar of Zin.
  5566 | D:7      | Reached skill level 5 in Armour
  5737 | D:8      | Noticed Gastronok
  5755 | D:8      | Killed Gastronok
  5755 | D:8      | Reached **** piety under Okawaru
  5755 | D:8      | Reached skill level 10 in Armour
  5755 | D:8      | Reached XP level 10. HP: 54/86 MP: 6/9
  5808 | D:8      | Noticed Grum
  5822 | D:8      | Reached ***** piety under Okawaru
  5834 | D:8      | Reached skill level 5 in Shields
  5847 | D:8      | Killed Grum
  6093 | D:8      | Learned a level 1 spell: Apportation
  6389 | D:9      | Received a gift from Okawaru
  6397 | D:9      | Got a pair of ancient gloves {god gift}
  6403 | D:9      | Identified the +2 pair of gloves of the Princeling {rF+ rC+ Slay-3} (Okawaru gifted it to you on level 9 of the Dungeon)
  6445 | D:9      | Noticed a cyan ugly thing
  6464 | D:9      | Killed a cyan ugly thing
  6619 | D:9      | Found a flagged portal.
  6628 | Bailey   | Entered a bailey
  6758 | Bailey   | Reached skill level 1 in Invocations
  6882 | Bailey   | Noticed an orc warlord
  6882 | Bailey   | Noticed an orc knight
  6884 | Bailey   | Noticed an orc knight
  6897 | Bailey   | Killed an orc knight
  6903 | Bailey   | Killed an orc warlord
  6903 | Bailey   | Reached skill level 10 in Shields
  6903 | Bailey   | Reached XP level 11. HP: 49/92 MP: 9/13
  6932 | Bailey   | Killed an orc knight
  7300 | Bailey   | Got a warped scythe
  7465 | D:9      | Noticed Prince Ribbit
  7476 | D:9      | Killed Prince Ribbit
  7476 | D:9      | Reached skill level 5 in Invocations
  7619 | D:9      | Found an oddly glowing altar of Pakellas.
  7619 | D:9      | Noticed an orange crystal statue
  8011 | D:10     | Entered Level 10 of the Dungeon
  8011 | D:10     | Noticed a hill giant
  8019 | D:10     | Killed a hill giant
  8065 | D:10     | Noticed a green ugly thing
  8080 | D:10     | Killed a green ugly thing
  8225 | D:10     | Received a gift from Okawaru
  8269 | D:10     | Got a creamy pearl robe
  8280 | D:10     | Identified the +1 robe of Imyrheps {+Inv rElec Str+4 Dex-3} (You found it on level 10 of the Dungeon)
  8351 | D:10     | Noticed a hill giant
  8364 | D:10     | Killed a hill giant
  9089 | D:11     | Noticed a hill giant
  9097 | D:11     | Killed a hill giant
  9314 | D:11     | Noticed an unseen horror
  9320 | D:11     | Killed an unseen horror
  9362 | D:11     | Found a staircase to the Lair.
  9439 | D:11     | Noticed a brown ugly thing
  9453 | D:11     | Killed a brown ugly thing
  9637 | D:11     | Noticed a cyan ugly thing
  9655 | D:11     | Killed a cyan ugly thing
  9655 | D:11     | Reached XP level 12. HP: 78/100 MP: 15/17
  9901 | D:11     | Reached skill level 13 in Shields
 10559 | D:12     | Identified a scroll of acquirement
 10622 | D:12     | Noticed a deep troll earth mage
 10622 | D:12     | Noticed a six-headed hydra
 10632 | D:12     | Killed a six-headed hydra
 10646 | D:12     | Killed a deep troll earth mage
 10672 | D:12     | Received a gift from Okawaru
 10802 | D:12     | Noticed Nessos
 10806 | D:12     | Killed Nessos
 10854 | D:12     | Reached skill level 10 in Fighting
 10911 | D:12     | Found a staircase to the Orcish Mines.
 10937 | D:12     | Noticed Erolcha
 10951 | D:12     | Killed Erolcha
 10951 | D:12     | Reached skill level 14 in Shields
 11077 | D:12     | Got a fine pewter ring
 11079 | D:12     | Identified the ring "Kiteph" {Wiz -Tele rC+ MP+9 Str+3} (You found it on level 12 of the Dungeon)
 11595 | D:13     | Reached XP level 13. HP: 69/116 MP: 18/18
 11796 | D:13     | Noticed Sonja
 11805 | D:12     | Killed Sonja
 11825 | D:12     | Lost mutation: You occasionally shout uncontrollably at your foes. [potion of mutation]
 11825 | D:12     | Gained mutation: Your natural rate of healing is unusually fast. [potion of mutation]
 11999 | D:13     | Noticed Maurice
 12014 | D:13     | Killed Maurice
 12068 | D:13     | Found a gate to the Vaults.
 12068 | D:13     | Noticed a vault guard
 12068 | D:13     | Noticed a vault guard
 12068 | D:13     | Noticed a vault guard
 12068 | D:13     | Noticed a vault guard
 12149 | Lair:1   | Entered Level 1 of the Lair of Beasts
 12428 | Lair:1   | Received a gift from Okawaru
 12462 | Lair:1   | Got a sapphire short sword {god gift}
 13641 | Lair:2   | Reached skill level 15 in Shields
 14110 | Lair:3   | Reached skill level 1 in Air Magic
 14122 | Lair:3   | Reached skill level 1 in Charms
 14456 | Lair:3   | Found a staircase to the Shoals.
 14558 | Lair:3   | Reached ****** piety under Okawaru
 14885 | Lair:4   | Received a gift from Okawaru
 15499 | Lair:5   | Noticed Maud
 15521 | Lair:5   | Killed Maud
 15852 | Lair:5   | Reached skill level 5 in Charms
 15879 | Lair:5   | Reached XP level 14. HP: 112/129 MP: 19/19
 15927 | Lair:5   | Received a gift from Okawaru
 16186 | Lair:5   | Gained mutation: You have large cloven feet. [potion of beneficial mutation]
 16187 | Lair:5   | Gained mutation: You are covered in fur (AC +1). [potion of beneficial mutation]
 16431 | Lair:5   | Gained mutation: You heal very quickly. [potion of mutation]
 16431 | Lair:5   | Gained mutation: Your muscles are strong. (Str +2) [potion of mutation]
 16431 | Lair:5   | Gained mutation: You are frail (-10% HP). [potion of mutation]
 16759 | Lair:1   | Identified the +1 short sword of Inflation {pierce, rElec rPois MP+9 Dex-2} (Okawaru gifted it to you on level 1 of the Lair of Beasts)
 16765 | Lair:1   | Identified the +7 scythe of Dishonour {slice, Dex+3} (You found it in a bailey)
 16788 | Lair:1   | Upgraded the game from 0.18-a0-1292-ge8ad84c to 0.18-a0-1293-g5a2c81a
 17039 | Lair:6   | Found a hole to the Spider Nest.
 17221 | Lair:6   | Found a runed door.
 17221 | Lair:6   | Found a viscous altar of Jiyva.
 17240 | Lair:6   | Found a staircase to the Slime Pits.
 17915 | Lair:7   | Received a gift from Okawaru
 17920 | Lair:7   | Got a warped crystal plate armour {god gift}
 17931 | Lair:7   | Identified the +4 crystal plate armour of the Eternal Void {rPois Str+7} (Okawaru gifted it to you on level 7 of the Lair of Beasts)
 18483 | Lair:8   | Entered Level 8 of the Lair of Beasts
 18512 | Lair:8   | Reached skill level 5 in Air Magic
 18658 | Lair:8   | Reached XP level 15. HP: 59/123 MP: 20/20
 19351 | Lair:8   | Received a gift from Okawaru
 19517 | Lair:8   | Got a pair of steaming gloves
 19523 | Lair:8   | Identified the +2 pair of gloves of Inevitability {Int+3 Dex+4} (You found it on level 8 of the Lair of Beasts)
 20484 | D:13     | Received a gift from Okawaru
 20792 | D:13     | Found a roughly hewn altar of Beogh.
 21076 | D:14     | Reached skill level 1 in Spellcasting
 21124 | D:14     | Lost mutation: You have large cloven feet. [mutagenic meat]
 21125 | D:14     | Gained mutation: Your flesh is cold resistant. [mutagenic meat]
 21126 | D:14     | Gained mutation: You tend to lose your temper in combat. [mutagenic meat]
 21127 | D:14     | Lost mutation: You heal very quickly. [mutagenic meat]
 21128 | D:14     | Gained mutation: You are partially covered in large bone plates (AC +2, SH +2). [mutagenic meat]
 21129 | D:14     | Gained mutation: Your muscles are very strong. (Str +4) [mutagenic meat]
 21132 | D:14     | Gained mutation: You often lose your temper in combat. [mutagenic meat]
 21201 | D:14     | Found Roozuote's Food Emporium.
 21208 | D:14     | Bought 3 fruits for 45 gold pieces
 21339 | D:14     | Reached skill level 15 in Fighting
 21447 | D:15     | Entered Level 15 of the Dungeon
 21613 | D:15     | Received a gift from Okawaru
 21780 | D:15     | Noticed Kirke
 21806 | D:15     | Killed Kirke
 21920 | D:15     | Paralysed by a wizard for 3 turns
 21959 | D:15     | Found a staircase to the Depths.
 21963 | D:15     | Reached XP level 16. HP: 134/134 MP: 22/22
 21971 | Depths:1 | Entered Level 1 of the Depths
 22099 | Orc:1    | Entered Level 1 of the Orcish Mines
 22509 | Orc:2    | Entered Level 2 of the Orcish Mines
 22673 | Orc:2    | Found a staircase to the Elven Halls.
 22965 | Orc:2    | Found Xyneqoi's Magic Scroll Shop.
 23017 | Orc:2    | Found Durgh's Food Boutique.
 23075 | Orc:2    | Bought a scroll of identify for 22 gold pieces
 23281 | Orc:2    | Received a gift from Okawaru
 23295 | Orc:2    | Reached skill level 5 in Spellcasting
 23332 | Orc:2    | Found Luumul's Antique Armour Emporium.
 23332 | Orc:2    | Found a one-way gate leading to the halls of Pandemonium.
 23332 | Orc:2    | Found Kaaptu's Gadget Shoppe.
 23598 | Elf:1    | Entered Level 1 of the Elven Halls
 23698 | Elf:1    | Cast into level 3 of the Abyss (a deep elf sorcerer)
 23914 | Abyss:3  | Lost mutation: Your muscles are very strong. (Str +4) [mutagenic meat]
 23915 | Abyss:3  | Lost mutation: Your muscles are strong. (Str +2) [mutagenic meat]
 23987 | Abyss:3  | HP: 2/134 [large abomination (19)]
 23992 | Abyss:3  | HP: 2/134 [starcursed mass/accursed screaming (17)]
 23993 | Abyss:3  | Killed from afar by a starcursed mass

Vault maps used:
D:1:      saegor_arrival_simple_b
D:2:      okawaru_metal_pillars_1_2, tso_altar, uniq_jessica, uniq_robin
D:3:      hangedman_feature_mirror, grunt_ministairs_2
D:4:      kennysheep_goblin_castle, ashenzari_altar_1, tgw_trog,
          minmay_goblin_kobold_house, uniq_duvessa
D:5:      first_bread
D:6:      grunt_temple_overflow_lords_of_destruction, old_standard_altar,
          minmay_temple_entry_junction2, basic_altar, uniq_menkaure
D:7:      grunt_temple_overflow_gold_and_silver, elyvilon_altar_5,
          grunt_ogre_cave
D:8:      amethyst_killhole, kennysheep_generic_room_15, uniq_gastronok,
          uniq_grum
D:9:      lightli_bailey_entry_fortress, gammafunk_pakellas_statue_experiment,
          uniq_prince_ribbit1
D:11:     minmay_lair_entry_lava
D:12:     evilmike_horseshoe, orc_0_dummy, uniq_erolcha, uniq_nessos
D:13:     lightli_vaults_fourway_checkpoint, david_defended_altar_orc,
          uniq_sonja, uniq_maurice
D:14:     serial_shops, nicolae_shop_waterfront
D:15:     grunt_enter_depths_magical_seal, hangedman_decor_points, uniq_kirke
Lair:1:   grunt_forest_small_clearing_treed, grunt_megastairs_2
Lair:3:   wad_woods_structure_01, minmay_shoals_entry_hut
Lair:5:   beast_lair_carwin_large_4, grunt_megastairs_3, uniq_maud
Lair:6:   spider_nest_entry_rubble, slime_altar_2
Lair:7:   serial_bayou_shore_a, grunt_megastairs_1, lemuel_fruit_tree,
          infiniplex_staircase_pool_2
Lair:8:   due_jungle_book
Orc:1:    nicolae_orc_rockfall
Orc:2:    pf_orc_diabolical
Elf:1:    eino_elf_arrival_customs, serial_shops, shop, serial_glass,
          glass_columns_a, glass_columns_a, glass_columns_b, glass_columns_a,
          glass_columns_b, glass_columns_a, glass_columns_a, glass_columns_a,
          portal_ice_cave_entry_ice_beasts, nicolae_trove_entry_crossroad,
          hangedman_elf_represent, corexii_leaking_fountain, spider_trap
Depths:1: enter_ziggurat_b, abyss_entry, serial_sigils_hangedman_leer,
          pf_hell_entry_great_geh, pandoras_box_mu
Abyss:3:  nicolae_abyss_rune_star_stuff
Bailey:   bailey_axe_minmay_hex_keep, bailey

Action                   |  1- 3 |  4- 6 |  7- 9 | 10-12 | 13-15 | 16-18 || total
-------------------------+-------+-------+-------+-------+-------+-------++-------
Melee: Flail             |    82 |    91 |       |       |       |       ||   173
       Trident           |    16 |    45 |       |       |       |       ||    61
       Spear             |       |    57 |   218 |   997 |   661 |       ||  1933
       Demon trident     |       |       |       |       |  1159 |   482 ||  1641
       Unarmed           |       |       |       |       |     1 |       ||     1
Throw: Javelin           |       |       |    11 |     8 |       |       ||    19
       Stone             |       |       |     5 |       |       |       ||     5
       Tomahawk          |       |       |       |     5 |     5 |       ||    10
Invok: Heroism           |       |       |     2 |     7 |    12 |     3 ||    24
       Finesse           |       |       |       |     1 |     2 |     2 ||     5
  Use: Scroll            |       |     2 |    11 |     9 |    13 |     2 ||    37
       Potion            |       |     2 |     2 |     1 |     6 |     6 ||    17
  Eat: Chunk             |       |     7 |     7 |    17 |    36 |    15 ||    82
       Bread ration      |       |       |     1 |       |     2 |     1 ||     4
       Fruit             |       |       |       |     4 |     8 |       ||    12
       Meat ration       |       |       |       |       |     1 |       ||     1
       Beef jerky        |       |       |       |       |     1 |       ||     1
